 Dungeon Crawl Stone Soup version 0.25.1-2-g60ff931df9 (webtiles) character file.

Game seed: 6477634252853866602

559541 Garessta the Brawler (level 26, -14/269 HPs)
             Began as an Octopode Transmuter on Oct 16, 2020.
             Was the Champion of Wu Jian.
             Demolished by Ketoleh's ghost (34 damage)
             ... on level 1 of the Depths on Oct 17, 2020.
             The game lasted 06:38:53 (78616 turns).

Garessta the Brawler (Octopode Transmuter)         Turns: 78616, Time: 06:38:53

Health: -14/269    AC:  6    Str: 25    XL:     26   Next: 59%
Magic:  8/49       EV: 22    Int: 31    God:    Wu Jian [******]
Gold:   7435       SH:  0    Dex: 21    Spells: 2/61 levels left

rFire    + + +     SeeInvis +     - Unarmed
rCold    + + +     Gourm    .   (shield currently unavailable)
rNeg     + + +     Faith    +   (helmet currently unavailable)
rPois    +         Spirit   .   K - amulet "Nyaluque" {Faith Int+3}
rElec    +         Reflect  .   R - ring of Ved Jatyalum {rPois rF+++ rN+ Str-3 SInv}
rCorr    +         Harm     .   a - ring of Sarebb {rC+ MR+ Dex+4}
MR       +++..     Clarity  +   H - ring of the Robin {rC++ rN+}
Stlth    +.........             o - ring "Baboimir" {rElec Dex+2 Stlth-}
HPRegen  0.54/turn              d - ring of resist corrosion
MPRegen  0.31/turn              O - ring of Laguc {MR+ Int+6 SInv}
                                s - ring of the Scavenger {rN+ Str+5 Int+5}
                                Y - +6 ring of strength

@: exhausted, hydra-form, corroded, heavenly storm, glowing
A: very large, almost no armour, stealthy swim, amphibious, 8 rings, (constrict
8), clarity, high mp 1, robust 1
}: 3/15 runes: barnacled, silver, gossamer
a: End Transformation, Wall Jump, Serpent's Lash, Heavenly Storm, Renounce
Religion


You were on level 1 of the Depths.
You worshipped Wu Jian.
Wu Jian was exalted by your worship.
You were not hungry.
You were a ten-headed hydra.
You visited 10 branches of the dungeon, and saw 46 of its levels.
You visited the Abyss 1 time.
You visited 1 bazaar.
You also visited: Trove, Ossuary, Bailey, Ice Cave and Wizlab.

You collected 12069 gold pieces.
You spent 4634 gold pieces at shops.

Inventory:

Missiles
 C - 12 silver boomerangs (quivered)
Armour
 q - the +2 hat of the Bear Spirit (melded) {Spirit, +Rage rN+ MR++}
   (You bought it in a shop on level 2 of the Orcish Mines)

   It protects you from negative energy.
   It affects your resistance to hostile enchantments.
   It lets you go berserk.
 G - the -2 hat of the Alchemist {rElec rPois rF+ rC+ rN+ MR+ rMut rCorr}
   (You bought it in a shop on level 7 of the Dungeon)

   It protects you from fire.
   It protects you from cold.
   It insulates you from electricity.
   It protects you from poison.
   It protects you from negative energy.
   It affects your resistance to hostile enchantments.
   It provides partial protection from all sources of acid and corrosion.
   It protects you from mutation.
 L - the +3 warlock's mirror (melded) {reflect}
   (You found it on level 10 of the Dungeon)
Magical Staves
 P - an uncursed staff of energy (melded)
Jewellery
 a - the ring of Sarebb (right foreclaw) {rC+ MR+ Dex+4}
   (You took it off a wizard on level 4 of the Spider Nest)

   [ring of protection from cold]

   It affects your dexterity (+4).
   It protects you from cold.
   It affects your resistance to hostile enchantments.
 d - a ring of resist corrosion (on tentacle)
 o - the ring "Baboimir" (on tentacle) {rElec Dex+2 Stlth-}
   (You took it off a skeletal warrior on level 5 of the Vaults)

   [ring of attention]

   It affects your dexterity (+2).
   It insulates you from electricity.
   It makes you less stealthy.
 s - the ring of the Scavenger (on tentacle) {rN+ Str+5 Int+5}
   (You found it in a treasure trove)

   [ring of positive energy]

   It affects your strength (+5).
   It affects your intelligence (+5).
   It protects you from negative energy.
 H - the ring of the Robin (on tentacle) {rC++ rN+}
   (You found it in a treasure trove)

   [ring of positive energy]

   It greatly protects you from cold.
   It protects you from negative energy.
 K - the amulet "Nyaluque" (around neck) {Faith Int+3}
   (You found it in a treasure trove)

   [amulet of faith]

   It allows you to gain divine favour quickly.
   It affects your intelligence (+3).
 O - the ring of Laguc (on tentacle) {MR+ Int+6 SInv}
   (You found it in a treasure trove)

   [ring of protection from magic]

   It affects your intelligence (+6).
   It affects your resistance to hostile enchantments.
   It lets you see invisible.
 R - the ring of Ved Jatyalum (left foreclaw) {rPois rF+++ rN+ Str-3 SInv}
   (You found it in a treasure trove)

   [ring of positive energy]

   It affects your strength (-3).
   It renders you almost immune to fire.
   It protects you from poison.
   It protects you from negative energy.
   It lets you see invisible.
 Y - a +6 ring of strength (on tentacle)
Wands
 D - a wand of digging (2)
 E - a wand of paralysis (16)
 N - a wand of polymorph (29)
 Q - a wand of clouds (9)
Scrolls
 e - 5 scrolls of holy word
 i - 2 scrolls of summoning
 k - 12 scrolls of fear
 v - 17 scrolls of remove curse
 x - 17 scrolls of teleportation
 y - 17 scrolls of amnesia
 F - 4 scrolls of silence
 J - 18 scrolls of identify
 U - 9 scrolls of fog
 W - 9 scrolls of magic mapping
 X - a scroll of blinking
Potions
 b - 9 potions of ambrosia
 f - 8 potions of stabbing
 h - 15 potions of curing
 j - 10 potions of might
 l - 11 potions of haste
 p - 5 potions of resistance
 t - 5 potions of brilliance
 u - 3 potions of invisibility
 z - 7 potions of magic
 A - 5 potions of flight
 M - 3 potions of mutation
 S - 5 potions of cancellation
 T - 6 potions of berserk rage
 V - 9 potions of heal wounds
Comestibles
 c - 93 rations


   Skills:
 + Level 17.9 Fighting
 - Level 2.2 Staves
 + Level 18.3 Dodging
 - Level 4.0 Shields
 + Level 18.6 Unarmed Combat
 + Level 18.0 Spellcasting
 + Level 15.8 Translocations
 + Level 17.8 Transmutations
 - Level 5.1 Earth Magic
 - Level 13.5 Poison Magic
 - Level 5.9 Evocations


You had 2 spell levels left.
You knew the following spells:

 Your Spells              Type           Power        Failure   Level  Hunger
b - Blade Hands           Tmut           #######...   1%          5    None
c - Controlled Blink      Tloc           N/A          14%         8    #####..
d - Dispersal             Tloc           #######...   1%          6    None
e - Eringya's Noxious Bo  Tmut/Pois      #######...   1%          6    None
f - Dragon Form           Tmut           #######...   1%          7    ####...
g - Ignite Poison         Fire/Tmut/Pois #######.     1%          3    None
h - Hydra Form            Tmut           #######...   1%          6    None
k - Blink                 Tloc           N/A          0%          2    None
l - Lesser Beckoning      Tloc           #######...   0%          3    None
r - Olgreb's Toxic Radia  Pois           #######.     1%          4    None
s - Spider Form           Tmut/Pois      #######...   0%          3    None
t - Statue Form           Tmut/Erth      #######..    1%          6    None

Your spell library contained the following spells:

 Spells                   Type           Power        Failure   Level  Hunger
 Apportation              Tloc           ######       0%          1    None
 Beastly Appendage        Tmut           ######       0%          1    None
 Sting                    Tmut/Pois      ####         0%          1    None
 Sticks to Snakes         Tmut           #######.     0%          2    None
 Animate Skeleton         Necr           N/A          1%          1    None
 Corona                   Hex            ####...      1%          1    None
 Foxfire                  Conj/Fire      ####         1%          1    None
 Freeze                   Ice            ####         1%          1    None
 Infusion                 Chrm           ####         1%          1    None
 Magic Dart               Conj           ####         1%          1    None
 Pain                     Necr           ####         1%          1    None
 Sandblast                Erth           ######       1%          1    None
 Shock                    Conj/Air       ####         1%          1    None
 Summon Butterflies       Summ           ####....     1%          1    None
 Summon Small Mammal      Summ           ####         1%          1    None
 Poisonous Vapours        Pois/Air       ######       1%          2    None
 Shroud of Golubria       Chrm/Tloc      ######       1%          2    None
 Call Imp                 Summ           ####....     2%          2    None
 Corpse Rot               Necr/Air       N/A          2%          2    None
 Ensorcelled Hibernation  Hex/Ice        ####..       2%          2    None
 Slow                     Hex            ####....     2%          2    None
 Song of Slaying          Chrm           ####....     2%          2    None
 Swiftness                Chrm/Air       ####....     2%          2    None
 Gell's Gravitas          Tloc           #######...   0%          3    None
 Mephitic Cloud           Conj/Pois/Air  ######..     1%          3    None
 Portal Projectile        Hex/Tloc       ######       1%          3    None
 Recall                   Summ/Tloc      N/A          1%          3    None
 Stone Arrow              Conj/Erth      #####.       1%          3    None
 Ice Form                 Ice/Tmut       ######..     1%          4    None
 Alistair's Intoxication  Tmut/Pois      #######.     1%          5    None
 Irradiate                Conj/Tmut      ######....   1%          5    None
 Summon Forest            Summ/Tloc      ######....   1%          5    None
 Call Canine Familiar     Summ           ####....     4%          3    None
 Confusing Touch          Hex            ####....     4%          3    None
 Conjure Flame            Conj/Fire      ####....     4%          3    None
 Dazzling Flash           Conj/Hex       ####..       4%          3    None
 Frozen Ramparts          Ice            ####..       4%          3    None
 Inner Flame              Hex/Fire       ####....     4%          3    None
 Ozocubu's Armour         Chrm/Ice       ####....     4%          3    None
 Static Discharge         Conj/Air       ####....     4%          3    None
 Summon Guardian Golem    Hex/Summ       ####....     4%          3    None
 Tukima's Dance           Hex            ####....     4%          3    None
 Vampiric Draining        Necr           ####......   4%          3    None
 Leda's Liquefaction      Hex/Erth       #####.....   4%          4    None
 Airstrike                Air            ####......   14%         4    None
 Animate Dead             Necr           N/A          14%         4    None
 Cause Fear               Hex            ####......   14%         4    None
 Sticky Flame             Conj/Fire      ####....     14%         4    None
 Summon Ice Beast         Ice/Summ       ####....     14%         4    None
 Summon Lightning Spire   Summ/Air       ####....     14%         4    None
 Borgnjor's Vile Clutch   Necr/Erth      #####.....   14%         5    None
 Disjunction              Tloc           #######...   14%         8    #####..
 Bolt of Magma            Conj/Fire/Erth #####.....   21%         5    None
 Agony                    Necr           ####....     36%         5    None
 Aura of Abjuration       Summ           ####......   36%         5    None
 Fireball                 Conj/Fire      ####......   36%         5    None
 Iskenderun's Battlesphe  Conj/Chrm      ####....     36%         5    None
 Lightning Bolt           Conj/Air       ####......   36%         5    None
 Metabolic Englaciation   Hex/Ice        ####......   36%         5    None
 Silence                  Hex/Air        ####......   36%         5    None
 Summon Demon             Summ           ####......   36%         5    None
 Summon Mana Viper        Hex/Summ       ####....     36%         5    None
 Malign Gateway           Summ/Tloc      ######....   43%         7    ####...
 Iron Shot                Conj/Erth      #####.....   58%         6    None
 Darkness                 Hex            ####......   91%         6    None
 Freezing Cloud           Conj/Ice/Air   ####......   91%         6    None
 Invisibility             Hex            ####....     91%         6    None
 Shadow Creatures         Summ           N/A          91%         6    None
 Necromutation            Tmut/Necr      ######....   94%         8    #####..
 Haunt                    Necr/Summ      ####......   100%        7    ####...
 Monstrous Menagerie      Summ           ####......   100%        7    ####...
 Orb of Destruction       Conj           ####......   100%        7    ####...
 Ring of Flames           Chrm/Fire      ####......   100%        7    ####...
 Spellforged Servitor     Conj/Summ      ####......   100%        7    ####...
 Summon Greater Demon     Summ           ####......   100%        7    ####...
 Borgnjor's Revivificati  Necr           ####......   100%        8    #####..
 Death's Door             Chrm/Necr      ####......   100%        8    #####..
 Infestation              Necr           ####......   100%        8    #####..
 Summon Horrible Things   Summ           ####......   100%        8    #####..
 Shatter                  Erth           ######....   100%        9    #######


Dungeon Overview and Level Annotations

Branches:
Dungeon (15/15)            Temple (1/1) D:6            Lair (6/6) D:9
 Shoals (4/4) Lair:3       Spider (4/4) Lair:4        Slime (0/5) Lair:5
    Orc (2/2) D:12            Elf (3/3) Orc:2        Vaults (5/5) D:14
  Crypt (0/3) Vaults:3     Depths (5/5) D:15           Hell (visited)
    Dis (0/7) Hell            Geh (0/7) Hell            Coc (0/7) Hell
    Tar (0/7) Hell            Zot (0/5) Depths:5    Ossuary (visited)
 Bailey (visited)           IceCv (visited)          WizLab (visited)

Altars:
Ashenzari
Cheibriados
Dithmenos
Elyvilon
Fedhas
Gozag
Hepliaklqana
Kikubaaqudgha
Makhleb
Nemelex Xobeh
Okawaru
Qazlal
Ru
Sif Muna
Trog
Uskayaw
Vehumet
Wu Jian
Xom
Yredelemnul
Zin
The Shining One
Beogh
Lugonu

Shops:
D:5 *   D:6 :}=(}   D:7 [   D:9 ?   D:10 [   D:14 [   Orc:2 [*[[
Depths:1 }*(}}   Depths:2 }=}   Depths:3 (%:[   Depths:5 [

Portals:
Hell: Depths:1 Depths:2 Depths:3 Depths:4 Depths:5
Abyss: Spider:4 Depths:4
Pandemonium: Depths:3 Depths:4
Ziggurat: Depths:1

Annotations:
Depths:1 1 transporter, Ketoleh's ghost, veteran MiFi


Innate Abilities, Weirdness & Mutations

You cannot wear most types of armour.
You are very stealthy in the water. (Stealth+)
You are amphibious.
You can wear up to eight rings at the same time.
((You can use your tentacles to constrict eight enemies at once.))
((Your skin changes colour to match your surroundings (Stealth+).))
((Your rubbery body absorbs attacks. (AC +1, EV +1)))
((You are partially covered in iridescent scales. (AC +2)))
You possess an exceptional clarity of mind.
You have an increased reservoir of magic. (+10% MP)
You are robust. (+10% HP)


Message History

You repeatedly attack the deep elf blademaster from above.
You bite the deep elf blademaster!
The deep elf blademaster is lightly wounded.
You miss the deep elf blademaster.
The deep elf blademaster is lightly wounded.
You nip at the deep elf blademaster but do no damage.
The deep elf blademaster is lightly wounded.
The deep elf blademaster hits you with the +5 quick blade "Riazeowi" {antimagic, rN++}!!
* * * LOW HITPOINT WARNING * * *
You feel your power leaking away.
The deep elf blademaster hits you with the +0 rapier of Power {drain, Dex+2}!!
* * * LOW HITPOINT WARNING * * *
The deep elf blademaster completely misses you.
The deep elf blademaster hits you but does no damage.
The deep elf blademaster hits you with the +5 quick blade "Riazeowi" {antimagic, rN++}!!
* * * LOW HITPOINT WARNING * * *
You feel your power leaking away.
The deep elf blademaster completely misses you.
Ketoleh's ghost hits you!!
You die...

#.##..###.©.###......##.
#.##.##.....# ##.#...#..
#.#..##..#.### #..#..'..
#.#.######.#≈####.#..#.#
#...#..#≈)..##..#....#.#
#..©#©§§☼☼☼.ZpY.#©..##'#
##..#§§§ui§.Ci.Z#.......
##.##§CeC#≈#.i##.#.....
#..#§DW§###. #..###...
##.##§§§§☼# ##.#..#...
#..###§☼☼###..#..#...
##...#####...##..#...
###.......###..>..>.
########......[...
#........#...
#.###....#... ###.#
#'#####..


You could see a juggernaut (soul bound), a deep elf blademaster (soul bound), a
frost giant (summoned), a brown ugly thing (summoned), a spriggan berserker
(soul bound) and Ketoleh's ghost.

Vanquished Creatures
  An ancient lich (Depths:4)
  A juggernaut (Depths:1)
  Saint Roka (Vaults:3)
  Geryon (Hell)
  A caustic shrike (Depths:3)
  7 golden dragons
  the Enchantress (Depths:2)
  A Cloud Mage (WizLab)
  4 liches
  3 deep elf blademasters
  Asterion (Depths:1)
  4 titans (Vaults:5)
  2 quicksilver dragons
  The ghost of patan the Wrestler, an adept TrBe of Trog (Spider:4)
  A tentacled starspawn (Abyss:3)
  2 deep elf master archers (Elf:3)
  5 sphinxes
  4 shadow dragons
  2 ancient champions (Hell)
  5 storm dragons
  Roxanne (Shoals:4)
  2 draconian monks (Depths:5)
  11 fire giants
  8 tengu reavers
  5 ghost moths
  13 frost giants
  4 cacodemons
  5 deep elf sorcerers
  A draconian shifter (Depths:5)
  A spectral juggernaut (Depths:4)
  An iron dragon (Depths:4)
  A balrug (Hell)
  14 vault wardens
  5 emperor scorpions
  Louise (Spider:1)
  15 ironheart preservers
  4 deep elf elementalists
  The ghost of Piutacaep the Swashbuckler, an adept VSBe of Trog (Depths:4)
  5 spriggan defenders
  An ophan (Abyss:3)
  6 reapers (Hell)
  2 war gargoyles
  An entropy weaver (shapeshifter) (Vaults:5)
  17 stone giants
  3 entropy weavers
  4 very ugly things
  A lorocyproca (Hell)
  2 vampire knights
  Nessos (Orc:2)
  A red draconian (Depths:5)
  A purple draconian (Depths:5)
  2 yellow draconians (Depths:5)
  Azrael (Spider:1)
  10 deep elf annihilators
  6 deep elf demonologists
  Snorg (D:13)
  A crystal guardian (Spider:4)
  8 ettins
  4 merfolk javelineers
  18 spark wasps
  9 merfolk impalers
  A spectral golden dragon (Depths:4)
  5 blizzard demons (WizLab)
  10 fire dragons
  9 deep elf death magi
  A spectral quicksilver dragon (Depths:4)
  3 jiangshi (Depths:1)
  19 yaktaur captains
  4 deep elf high priests
  Harold (Lair:1)
  19 ice dragons
  A green death (Abyss:3)
  A spectral shadow dragon (Depths:4)
  The ghost of Saltbearer the Fighter, a novice OgWz of Ashenzari (D:9)
  A peacekeeper (Vaults:3)
  11 spriggan air magi
  25 vault guards (Vaults:5)
  4 rakshasas
  5 great orbs of eyes
  5 hydras
  5 hell beasts
  2 merfolk aquamancers
  A two-headed ogre (shapeshifter) (Vaults:5)
  A satyr (shapeshifter) (Vaults:3)
  11 centaur warriors
  5 satyrs
  9 merfolk avatars
  A death knight (Vaults:5)
  26 dancing weapons
  39 two-headed ogres
  3 tengu warriors
  13 ogre magi
  A spectral sphinx (Depths:4)
  3 deep troll earth magi
  4 orc high priests
  4 vampire magi
  6 deep troll shamans
  3 hell hogs
  14 hell knights
  3 shock serpents (WizLab)
  A spectral spriggan (Depths:4)
  17 deep elf knights
  A thrashing horror (Abyss:3)
  5 soul eaters
  5 spriggan berserkers
  A fire crab (shapeshifter) (Vaults:4)
  10 sun demons
  2 iron golems (Hell)
  A wretched star (Spider:4)
  32 skeletal warriors
  2 sixfirhies
  An iron troll (Depths:5)
  9 sea snakes
  8 large abominations
  5 unseen horrors
  3 shadow wraiths
  An unseen horror (shapeshifter) (Vaults:5)
  A swamp dragon (shapeshifter) (Vaults:5)
  3 glowing orange brains
  A shadow demon (Depths:3)
  A torturous demonspawn (Depths:4)
  10 wizards
  9 deep trolls
  An orange crystal statue (Vaults:3)
  A death drake (WizLab)
  4 flayed ghosts
  13 deep elf archers
  6 phantasmal warriors
  3 harpies (shapeshifter)
  17 ironbrand convokers
  20 harpies
  15 orc knights
  A wolf spider zombie (D:14)
  68 deep elf magi
  A lindwurm (shapeshifter) (Vaults:5)
  9 necromancers
  2 oklob plants
  An iron dragon zombie (Depths:3)
  26 orb spiders
  A faun (shapeshifter) (Vaults:5)
  14 ugly things
  2 stone giant zombies
  38 wolf spiders
  28 fauns
  6 cyclopes
  5 moths of wrath
  10 orc sorcerers
  A salamander (shapeshifter) (Vaults:2)
  13 manticores
  A sphinx skeleton (Vaults:3)
  8 merfolk sirens
  7 black mambas
  5 elephants
  2 frost giant skeletons (Vaults:3)
  A naga mage (D:15)
  A guardian serpent (Lair:6)
  9 rust devils
  4 ice statues
  3 apocalypse crabs (WizLab)
  12 vault sentinels
  An eye of devastation (shapeshifter) (Depths:5)
  2 gargoyles (D:10)
  8 water nymphs
  Maurice (D:10)
  2 smoke demons
  13 spiny frogs
  A kobold demonologist (D:11)
  A spiny frog (shapeshifter) (Vaults:1)
  2 torpor snails
  An eye of devastation (Lair:5)
  2 hellions
  A spectral glowing shapeshifter (Depths:4)
  A rime drake (Lair:1)
  2 komodo dragons (shapeshifter)
  52 yaktaurs
  15 demonic crawlers
  6 freezing wraiths
  4 komodo dragons
  A redback zombie (D:13)
  An anaconda simulacrum (Hell)
  An ancient zyme (Abyss:3)
  A yaktaur (shapeshifter) (Vaults:3)
  An efreet (D:13)
  17 ice devils
  9 human skeletons
  3 meliai (shapeshifter)
  A hellwing (Depths:1)
  5 tengu conjurers
  A hydra zombie (Hell)
  8 polar bears (Lair:6)
  A yaktaur skeleton (Vaults:3)
  6 red devils
  6 trolls
  3 meliai (Spider:3)
  A jumping spider (shapeshifter) (Vaults:3)
  32 merfolk
  28 jumping spiders
  A wolf spider simulacrum (D:14)
  23 hornets
  2 raiju
  4 sphinx simulacra
  A wind drake (shapeshifter) (Depths:4)
  2 saltlings (Vaults:3)
  2 hydra skeletons (Hell)
  A fire giant simulacrum (Depths:3)
  17 blink frogs
  12 slime creatures
  6 snapping turtles
  8 dream sheep
  8 hippogriffs
  9 wind drakes
  2 iron dragon simulacra (Depths:4)
  A hornet (shapeshifter) (Depths:4)
  An alligator skeleton (Hell)
  A hippogriff (shapeshifter) (D:13)
  44 redbacks
  2 centaur simulacra
  An elf simulacrum (Depths:4)
  8 starcursed masses (Abyss:3)
  14 air elementals
  A vampire (D:9)
  20 water elementals
  2 tarantellas (shapeshifter)
  2 wraiths
  A yak (shapeshifter) (Vaults:3)
  A spriggan (Depths:5)
  A shadow (D:12)
  3 ettin skeletons
  13 wyverns
  A ynoxinul (Abyss:3)
  Eustachio (D:3)
  39 yaks
  9 small abominations
  25 tarantellas
  A basilisk (shapeshifter) (Vaults:1)
  2 basilisks
  12 fire elementals
  A black mamba skeleton (Hell)
  A steam dragon (D:14)
  A neqoxec (Depths:4)
  2 vampire mosquitoes (Spider:1)
  A chaos spawn (Abyss:3)
  Menkaure (D:6)
  6 wargs
  A hog (shapeshifter) (Elf:3)
  A hungry ghost (D:12)
  A soldier ant (D:10)
  An acid dragon (Vaults:1)
  An acid dragon (shapeshifter) (Vaults:5)
  A swamp worm (shapeshifter) (Elf:2)
  A two-headed ogre zombie (D:12)
  A spiny frog zombie (Hell)
  A floating eye (Depths:4)
  5 porcupines
  18 hell hounds
  20 water moccasins
  A deep troll skeleton (Vaults:3)
  11 black bears
  A hornet zombie (D:8)
  38 orc warriors
  13 ice beasts
  2 necrophages
  A spiny frog skeleton (Hell)
  3 phantoms
  3 sky beasts
  32 ogres
  17 wolves
  3 elf skeletons
  18 centaurs
  2 eyes of draining
  10 crocodiles
  3 boggarts (Depths:2)
  Blork the orc (D:9)
  4 big kobolds
  An elf zombie (Ossuary)
  30 bullfrogs
  2 wyvern zombies
  6 earth elementals
  A wyvern skeleton (D:9)
  A troll zombie (D:12)
  9 scorpions
  15 killer bees
  3 wights (D:15)
  8 electric eels
  3 howler monkeys
  18 crimson imps
  2 centaur zombies
  6 quasits
  3 bullfrog zombies
  Crazy Yiuf (D:6)
  9 centaur skeletons
  8 hounds
  17 orc priests
  An iron imp (Depths:4)
  4 jellies
  2 bullfrog skeletons
  31 orc wizards
  5 iguanas
  10 worker ants
  5 hell rats (Lair:5)
  6 ogre zombies (D:12)
  A big kobold zombie (Ossuary)
  2 hound skeletons
  4 mummies
  A howler monkey zombie (D:10)
  A worker ant zombie (D:6)
  6 gnolls
  16 adders
  5 shadow imps
  6 white imps
  5 ufetubi (IceCv)
  2 oozes
  2 worms (D:5)
  A dart slug (D:1)
  6 leopard geckos
  92 orcs
  2 giant cockroaches
  A gnoll zombie (Ossuary)
  19 goblins
  11 hobgoblins
  8 jackals
  2 quokkas
  3 ball pythons
  9 bats
  7 frilled lizards
  A giant cockroach zombie (D:5)
  A goblin skeleton (D:12)
  5 goblin zombies
  2 hobgoblin skeletons (D:12)
  5 hobgoblin zombies (D:12)
  A jackal zombie (D:7)
  43 kobolds
  4 kobold zombies
  3 orc skeletons (D:12)
  15 orc zombies
  2 quokka skeletons
  3 rats
  A briar patch (Depths:2)
  A bush (Lair:1)
  A butterfly (Lair:1)
  2 crawling corpses (Elf:3)
  A lurking horror (Abyss:3)
  A plant (Depths:2)
2298 creatures vanquished.

Vanquished Creatures (collateral kills)
  An ogre (D:4)
  Jessica (D:3)
  An orc (D:3)
  A jackal (D:4)
4 creatures vanquished.

Vanquished Creatures (others)
  A thorn hunter (Depths:2)
  A fire giant (Depths:4)
  A vault warden (Vaults:1)
  An emperor scorpion (Spider:4)
  A reaper (IceCv)
  A very ugly thing (Depths:2)
  2 wolf spiders (Spider:4)
  5 ugly things
  A slime creature (D:13)
  A yaktaur (Vaults:3)
  2 demonic crawlers (Spider:4)
  2 polar bears (Lair:6)
  A raiju (Lair:6)
  A redback (Spider:4)
  A black bear (Lair:6)
  An ogre (Vaults:3)
  An orc priest (Orc:2)
  7 white imps (IceCv)
  3 ufetubi (IceCv)
  2 orcs
  6 briar patches (Depths:2)
  20 fungi
  92 plants
  2 starspawn tentacles (Abyss:3)
156 creatures vanquished.

Grand Total: 2458 creatures vanquished

Notes
Turn   | Place    | Note
-------+----------+-------------------------------------------
     0 | D:1      | Garessta the Octopode Transmuter began the quest for the
                  | Orb.
     0 | D:1      | Reached XP level 1. HP: 13/13 MP: 3/3
   189 | D:1      | Reached XP level 2. HP: 7/18 MP: 3/5
   198 | D:1      | Learned a level 2 spell: Sticks to Snakes
   825 | D:1      | Reached XP level 3. HP: 13/23 MP: 4/6
  1381 | D:1      | Learned a level 3 spell: Spider Form
  1440 | D:1      | Reached XP level 4. HP: 13/28 MP: 7/7
  1654 | D:2      | Found a glowing silver altar of Zin.
  2044 | D:2      | Reached XP level 5. HP: 12/33 MP: 8/8
  2790 | D:3      | Found a glowing golden altar of the Shining One.
  2852 | D:3      | Noticed Jessica
  2860 | D:3      | Killed Jessica
  3074 | D:3      | Reached XP level 6. HP: 28/38 MP: 5/9
  3608 | D:3      | Found a shimmering altar of Xom.
  3665 | D:3      | Learned a level 4 spell: Ice Form
  3735 | D:4      | Noticed Eustachio
  4153 | D:3      | Killed Eustachio
  4153 | D:3      | Reached skill level 5 in Transmutations
  4870 | D:3      | Reached XP level 7. HP: 43/43 MP: 8/12
  6504 | D:4      | Found a shadowy altar of Dithmenos.
  6659 | D:5      | Entered Level 5 of the Dungeon
  6990 | D:5      | Found an iron altar of Okawaru.
  7008 | D:5      | Reached XP level 8. HP: 36/48 MP: 15/15
  7015 | D:5      | Learned a level 5 spell: Blade Hands
  7174 | D:5      | Reached skill level 5 in Spellcasting
  7439 | D:5      | Found a radiant altar of Vehumet.
  7443 | D:5      | Reached skill level 5 in Unarmed Combat
  8016 | D:5      | Found Exezal's General Store.
  8028 | D:5      | Bought a scroll of remove curse for 45 gold pieces
  8028 | D:5      | Bought a scroll of teleportation for 45 gold pieces
  8262 | D:6      | Noticed Menkaure
  8274 | D:6      | Killed Menkaure
  8378 | D:6      | Found a staircase to the Ecumenical Temple.
  8387 | Temple   | Entered the Ecumenical Temple
  8487 | Temple   | Became a worshipper of the Wu Jian Council
  8519 | D:6      | Found Genus's Gadget Shop.
  8536 | D:6      | Found Usha's Book Boutique.
  8594 | D:6      | Reached XP level 9. HP: 45/53 MP: 16/18
  8759 | D:6      | Found Hued's Jewellery Shop.
  9065 | D:6      | Found Anlywad's Gadget Shoppe.
  9149 | D:6      | Found Rosipad's Antique Weapon Shop.
  9251 | D:6      | Found a basalt altar of Yredelemnul.
  9259 | D:6      | Identified the Catalogue of Supportive Transformation
  9428 | D:6      | Found a runed translucent door.
  9429 | D:6      | Noticed Crazy Yiuf
  9435 | D:6      | Killed Crazy Yiuf
  9501 | D:6      | Reached * piety under Wu Jian
 10099 | D:7      | Found a sand-covered staircase.
 10108 | Ossuary  | Entered an ossuary
 11090 | D:7      | Found Cipt's Armour Emporium.
 11310 | D:7      | Reached ** piety under Wu Jian
 11310 | D:7      | Reached XP level 10. HP: 48/58 MP: 16/21
 12102 | D:8      | Found an opulent altar of Gozag.
 12491 | D:8      | Found a burning altar of Makhleb.
 12741 | D:8      | Found a snail-covered altar of Cheibriados.
 12829 | D:8      | Reached skill level 5 in Dodging
 13366 | D:7      | Reached *** piety under Wu Jian
 14146 | D:9      | Reached **** piety under Wu Jian
 14211 | D:9      | Reached skill level 10 in Transmutations
 14240 | D:9      | Reached XP level 11. HP: 19/66 MP: 18/23
 14628 | D:9      | Found a shattered altar of Ashenzari.
 14794 | D:9      | Noticed a two-headed ogre
 14821 | D:9      | Killed a two-headed ogre
 14897 | D:9      | Found a staircase to the Lair.
 14929 | D:9      | Noticed Blork the orc
 15038 | D:9      | Killed Blork the orc
 15056 | D:9      | Found a shimmering blue altar of Sif Muna.
 15110 | D:9      | Learned a level 1 spell: Apportation
 15124 | D:9      | Found a large runed translucent door.
 15124 | D:9      | Found a large runed translucent door.
 15126 | D:9      | Noticed Saltbearer's ghost (novice OgWz)
 15234 | D:9      | Found Xaarid's Magic Scroll Boutique.
 15452 | D:9      | Bought a scroll of identify for 32 gold pieces
 15452 | D:9      | Bought a scroll of identify for 32 gold pieces
 15585 | D:6      | Bought an uncursed ring of wizardry for 420 gold pieces
 15932 | D:9      | Killed Saltbearer's ghost
 15932 | D:9      | Reached skill level 1 in Poison Magic
 15959 | D:9      | Learned a level 6 spell: Eringya's Noxious Bog
 16179 | D:10     | Entered Level 10 of the Dungeon
 16757 | D:10     | Found a snail-covered altar of Cheibriados.
 16757 | D:10     | Noticed Maurice
 16822 | D:10     | Killed Maurice
 17047 | D:10     | Found Cheibriados's Comfort Zone.
 17058 | D:10     | Noticed a wizard
 17071 | D:10     | Killed a wizard
 17085 | D:10     | Noticed a wizard
 17093 | D:10     | Killed a wizard
 17179 | D:10     | Reached skill level 5 in Fighting
 17277 | D:10     | Noticed a wizard
 17282 | D:10     | Paralysed by a wizard for 2 turns
 17286 | D:10     | Killed a wizard
 17461 | D:10     | Killed an unseen horror
 17461 | D:10     | Reached XP level 12. HP: 68/76 MP: 23/25
 17501 | D:10     | Found the +3 warlock's mirror {reflect}
 18021 | D:10     | Noticed a two-headed ogre
 18040 | D:10     | Killed a two-headed ogre
 18530 | D:11     | Reached skill level 1 in Staves
 19364 | D:12     | Found a staircase to the Orcish Mines.
 19501 | D:12     | Reached ***** piety under Wu Jian
 19625 | D:12     | Noticed an eight-headed hydra
 19636 | D:12     | Killed an eight-headed hydra
 19904 | D:12     | Reached skill level 5 in Poison Magic
 20294 | D:12     | Noticed a two-headed ogre
 20302 | D:12     | Killed a two-headed ogre
 20302 | D:12     | Reached skill level 1 in Evocations
 20561 | D:12     | Found a portal to a secret trove of treasure.
 20773 | D:6      | Bought an uncursed ring of see invisible for 210 gold
                  | pieces
 21211 | D:13     | Noticed Snorg
 21465 | D:13     | Reached XP level 13. HP: 51/83 MP: 23/26
 21796 | D:13     | Found a flagged portal.
 21801 | Bailey   | Entered a bailey
 22617 | D:14     | Reached skill level 10 in Spellcasting
 23802 | D:14     | Found a gate to the Vaults.
 24467 | D:14     | Found Hyh Irch's Armour Emporium.
 25442 | D:13     | Killed Snorg
 26006 | D:7      | Bought the -2 hat of the Alchemist {rElec rPois rF+ rC+ rN+
                  | MR+ rMut rCorr} for 660 gold pieces
 26006 | D:7      | Found the -2 hat of the Alchemist {rElec rPois rF+ rC+ rN+
                  | MR+ rMut rCorr}
 26175 | D:15     | Entered Level 15 of the Dungeon
 26228 | D:15     | Reached skill level 5 in Evocations
 26231 | D:15     | Reached XP level 14. HP: 41/92 MP: 9/28
 26477 | D:15     | Got a coiled ivory amulet
 26479 | D:15     | Identified the amulet of Sidoup {Inacc rPois rF- Int+5
                  | SInv} (You found it on level 15 of the Dungeon)
 26697 | D:15     | Found a blossoming altar of Fedhas.
 26714 | D:15     | Found a frozen archway.
 26723 | D:15     | Reached skill level 10 in Unarmed Combat
 26739 | IceCv    | Entered an ice cave
 27087 | IceCv    | Noticed a reaper
 27147 | IceCv    | Killed a reaper
 28140 | D:15     | Found a staircase to the Depths.
 28862 | Lair:1   | Entered Level 1 of the Lair of Beasts
 29013 | Lair:1   | Reached ****** piety under Wu Jian
 29669 | Lair:1   | Noticed Harold
 29692 | Lair:1   | Killed Harold
 30346 | Lair:2   | Reached skill level 1 in Translocations
 31937 | Lair:3   | Found a staircase to the Shoals.
 32566 | Lair:4   | Found a hole to the Spider Nest.
 32639 | Lair:4   | Reached skill level 10 in Dodging
 33184 | Lair:5   | Reached XP level 15. HP: 100/100 MP: 23/30
 33211 | Lair:5   | Found a staircase to the Slime Pits.
 34148 | Lair:6   | Entered Level 6 of the Lair of Beasts
 36023 | Lair:6   | Reached skill level 10 in Poison Magic
 37061 | Shoals:1 | Entered Level 1 of the Shoals
 37907 | Shoals:1 | Learned a level 4 spell: Olgreb's Toxic Radiance
 37990 | Shoals:1 | Reached skill level 5 in Translocations
 38179 | Shoals:1 | Reached XP level 16. HP: 108/108 MP: 31/31
 38244 | Shoals:1 | You fall into a shaft and drop 1 floor!
 38911 | Lair:3   | Learned a level 3 spell: Ignite Poison
 39072 | Orc:1    | Entered Level 1 of the Orcish Mines
 39582 | Orc:1    | Found a roughly hewn altar of Beogh.
 39801 | Orc:2    | Entered Level 2 of the Orcish Mines
 39801 | Orc:2    | Found a staircase to the Elven Halls.
 39815 | Orc:2    | Noticed Nessos
 39978 | Orc:2    | Killed Nessos
 40095 | Orc:2    | Reached skill level 10 in Fighting
 40546 | Orc:2    | Found Aquc's Antique Armour Shop.
 40546 | Orc:2    | Found Adotirr's Antique Armour Emporium.
 40731 | Orc:2    | Found Zijekygg's General Store.
 40731 | Orc:2    | Found Kownofeq's Antique Armour Emporium.
 40742 | Orc:2    | Bought the +2 hat of the Bear Spirit {Spirit, +Rage rN+
                  | MR++} for 938 gold pieces
 40742 | Orc:2    | Found the +2 hat of the Bear Spirit {Spirit, +Rage rN+
                  | MR++}
 43463 | Shoals:3 | HP: 1/110 [something/ball of steam (33)]
 44299 | Shoals:4 | Entered Level 4 of the Shoals
 44484 | Shoals:4 | Reached XP level 17. HP: 116/116 MP: 14/33
 44950 | Shoals:4 | Got a barnacled rune of Zot
 45650 | Shoals:4 | Noticed Roxanne
 45784 | Shoals:4 | Killed Roxanne
 45806 | Shoals:4 | Learned a level 6 spell: Statue Form
 46311 | Shoals:4 | Reached skill level 1 in Earth Magic
 46568 | Spider:1 | Entered Level 1 of the Spider Nest
 46599 | Spider:1 | Noticed Louise
 46665 | Spider:1 | Killed Louise
 47270 | Spider:1 | Noticed Azrael
 47521 | Spider:1 | Killed Azrael
 48025 | Spider:2 | Reached XP level 18. HP: 124/124 MP: 26/34
 50328 | Spider:4 | Entered Level 4 of the Spider Nest
 51219 | Spider:4 | Noticed patan's ghost (adept TrBe)
 51302 | Spider:4 | Found a transporter.
 51507 | Spider:4 | Found a transporter.
 51534 | Spider:4 | Identified the ring of Sarebb {rC+ MR+ Dex+4}
 51539 | Spider:4 | Found a one-way gate to the infinite horrors of the Abyss.
 52706 | Spider:4 | Got a gossamer rune of Zot
 52886 | Spider:4 | Reached skill level 5 in Earth Magic
 53724 | Vaults:1 | Entered Level 1 of the Vaults
 53940 | Vaults:1 | Found a flickering gateway to a bazaar.
 53950 | Bazaar   | Entered a bazaar
 53963 | Bazaar   | Found Feuvar's Assorted Antiques.
 53963 | Bazaar   | Found Ulelonad's Jewellery Emporium.
 53999 | Bazaar   | Found Fulaos's Armour Shoppe.
 53999 | Bazaar   | Found Qifaenus's Gadget Shoppe.
 54378 | D:6      | Bought a book of the Warp for 1080 gold pieces
 54385 | D:6      | Learned a level 6 spell: Dispersal
 54824 | Vaults:1 | Reached XP level 19. HP: 131/131 MP: 14/36
 55867 | Vaults:1 | Identified a scroll of acquirement
 55868 | Vaults:1 | Acquired 3610 gold pieces
 56598 | Vaults:2 | You fall into a shaft and drop 1 floor!
 56618 | Vaults:3 | Found a magical portal.
 56626 | WizLab   | Entered The Chambers of the Cloud Mage
 57021 | WizLab   | Paralysed by you for 6 turns
 57115 | WizLab   | Noticed Bafades
 57122 | WizLab   | Killed Bafades the Cloud Mage
 57207 | WizLab   | Identified the Volume of Lightness
 57554 | Vaults:3 | Reached XP level 20. HP: 140/140 MP: 35/38
 57575 | Vaults:3 | Noticed Saint Roka
 57593 | Vaults:3 | Killed Saint Roka
 57659 | Vaults:3 | Reached skill level 10 in Translocations
 58542 | Vaults:3 | Found a staircase to the Crypt.
 59530 | Vaults:4 | Cast into level 3 of the Abyss (vault warden)
 59584 | Abyss:3  | Paralysed by accursed screaming for 1 turns
 59702 | Vaults:4 | Escaped the Abyss
 59705 | Vaults:4 | Reached skill level 15 in Unarmed Combat
 59876 | Vaults:4 | Reached XP level 21. HP: 148/148 MP: 33/39
 60327 | Vaults:4 | Reached skill level 15 in Spellcasting
 60350 | Vaults:4 | Learned a level 3 spell: Lesser Beckoning
 60545 | Vaults:4 | Reached skill level 15 in Dodging
 61517 | Vaults:5 | Entered Level 5 of the Vaults
 61751 | Depths:1 | Entered Level 1 of the Depths
 61760 | Depths:1 | Found a gateway to a ziggurat.
 61899 | Depths:1 | Found Doivosif's Antique Weapon Shop.
 61932 | Depths:1 | Found a transporter.
 61954 | Depths:1 | Identified the +5 quick blade "Riazeowi" {antimagic, rN++}
 61954 | Depths:1 | Identified the +0 rapier of Power {drain, Dex+2}
 61958 | Depths:1 | Noticed a juggernaut
 61962 | Depths:1 | Noticed Ketoleh's ghost (veteran MiFi)
 61969 | Depths:1 | Found a transporter.
 61970 | Depths:1 | Found a bloodstained altar of Trog.
 61974 | Depths:1 | Identified the +7 rapier "Wegox" {drain, +Fly SInv Stlth-}
 61974 | Depths:1 | Identified the cursed +0 rapier of Destruction {antimagic,
                  | MR+}
 61980 | Depths:1 | Noticed a juggernaut
 62006 | Depths:1 | Noticed Asterion
 62020 | Depths:1 | Killed Asterion
 62135 | Depths:1 | Found a gateway to Hell.
 62232 | Depths:1 | Found Jur Rup's Gadget Emporium.
 62233 | Depths:1 | Found Beblyrcha's General Store.
 62401 | Depths:1 | Found Redeod's Gadget Shoppe.
 62445 | Depths:1 | Found Urraz's Gadget Shop.
 63687 | Spider:4 | Gained mutation: You are frail. (-10% HP) [a cacodemon]
 63688 | Spider:4 | Gained mutation: Your body sometimes deteriorates upon
                  | taking damage. [a cacodemon]
 63705 | Spider:4 | Killed patan's ghost
 64143 | Depths:2 | Reached XP level 22. HP: 139/139 MP: 25/41
 64556 | Depths:2 | Identified the +7 falchion of Cukkon {vamp, rElec Str+3
                  | Dex+5}
 65128 | Depths:2 | Found Bampori's Gadget Boutique.
 65128 | Depths:2 | Found Zeth's Jewellery Shoppe.
 65132 | Depths:2 | Found Fizobb's Gadget Boutique.
 65156 | Depths:2 | Bought the amulet of Ceil {*Slow rC+ MR+ Regen+} for 792
                  | gold pieces
 65261 | Depths:2 | Noticed the Enchantress
 65272 | Depths:2 | Killed the Enchantress
 65275 | Depths:2 | Reached skill level 15 in Fighting
 65517 | Depths:3 | Found Giumat's Food Shop.
 65518 | Depths:3 | Found Hoopnuh's Armour Boutique.
 65518 | Depths:3 | Found Velaubal's Antique Weapon Shop.
 65524 | Depths:3 | Found Kiatecse's Book Boutique.
 65546 | Depths:3 | Bought a book of Minor Magic for 380 gold pieces
 65549 | Depths:3 | Learned a level 2 spell: Blink
 65695 | Depths:3 | Reached skill level 15 in Transmutations
 66162 | Depths:3 | Noticed a caustic shrike
 66168 | Depths:3 | Killed a caustic shrike
 66326 | Depths:3 | Noticed a golden dragon
 66338 | Depths:3 | Killed a golden dragon
 66338 | Depths:3 | Noticed a golden dragon
 66344 | Depths:3 | Killed a golden dragon
 66795 | Depths:3 | Found a one-way gate leading to the halls of Pandemonium.
 67077 | Depths:4 | Reached XP level 23. HP: 103/146 MP: 15/43
 67209 | Depths:4 | Paralysed by a floating eye for 2 turns
 67216 | Depths:4 | Paralysed by a floating eye for 2 turns
 67731 | Depths:4 | Found a runed translucent gate.
 67731 | Depths:4 | Found a runed translucent gate.
 67731 | Depths:4 | Found a runed translucent gate.
 67731 | Depths:4 | Noticed Piutacaep's ghost (adept VSBe)
 67733 | Depths:4 | Noticed an ancient lich
 67807 | Depths:4 | Gained mutation: You have an increased reservoir of magic.
                  | (+10% MP) [a cacodemon]
 68093 | Depths:4 | Noticed a golden dragon
 68101 | Depths:4 | Killed a golden dragon
 68514 | Depths:5 | Entered Level 5 of the Depths
 68604 | Depths:4 | Gained mutation: You are very frail. (-20% HP) [a
                  | cacodemon]
 68606 | Depths:4 | Killed an ancient lich
 68618 | Depths:4 | Killed Piutacaep's ghost
 68970 | Depths:5 | Found a gate to the Realm of Zot.
 69620 | Depths:5 | Found Ukoilu's Antique Armour Emporium.
 70309 | Vaults:5 | Reached XP level 24. HP: 132/136 MP: 44/47
 70552 | Vaults:5 | Identified the +8 spear "Tal Suo" {protect, *Contam +Fly
                  | rElec Int+6}
 70720 | Vaults:5 | Identified the +2 battleaxe of Grim Subterfuge {vorpal, rC+
                  | Int+4}
 71234 | Vaults:5 | Got a silver rune of Zot
 71420 | Vaults:5 | Identified the amulet "Julaqeut" {Acrobat rElec rN+ Str+4
                  | Dex+2}
 71518 | Vaults:5 | Identified the Volume of Transmutation
 71526 | Vaults:5 | Got a translucent granite ring
 71540 | Vaults:5 | Reached XP level 25. HP: 144/144 MP: 48/48
 71568 | Vaults:5 | Learned a level 7 spell: Dragon Form
 71568 | Vaults:5 | Identified the ring of Jomnoet {Ice rN+ Int-5 Dex+6} (You
                  | found it on level 5 of the Vaults)
 71698 | Vaults:5 | Found the +7 Singing Sword {vorpal, sonic wave}
 71705 | Vaults:5 | Identified the Papyrus of Captivating Augmentations
 71709 | Vaults:5 | Identified the Collected Works on Lucky Earth
 72017 | Vaults:5 | Identified the +11 mace of the Sky {vorpal, rElec Int+2}
 72083 | Vaults:5 | Identified the ring "Baboimir" {rElec Dex+2 Stlth-}
 72596 | Elf:1    | Entered Level 1 of the Elven Halls
 73571 | Elf:1    | Learned a level 6 spell: Hydra Form
 73820 | Elf:2    | Found a huge runed translucent gate.
 73820 | Elf:2    | Found a huge runed translucent gate.
 73820 | Elf:2    | Found a huge runed translucent gate.
 73820 | Elf:2    | Found a huge runed translucent gate.
 73820 | Elf:2    | Found a huge runed translucent gate.
 73873 | Elf:2    | Found a radiant altar of Vehumet.
 74155 | Elf:2    | Reached skill level 15 in Translocations
 74667 | Elf:3    | Entered Level 3 of the Elven Halls
 74882 | Elf:3    | HP: 7/187 [deep elf master archer/arrow (32)]
 74888 | Elf:3    | HP: 9/187 [poisoned by a deep elf annihilator (poison
                  | arrow)]
 75688 | Elf:3    | Identified the +4 long sword "Kaorghab" {freeze, MP+9 Str-4
                  | Dex+2}
 75717 | Elf:3    | Identified the +6 falchion of Riloul {freeze, +Rage MR-
                  | Str+3 Int+9}
 75965 | Elf:3    | Identified the Incunabulum of the Snowflakes
 75977 | Elf:3    | Identified Sif Muna's Almanac of Fiery Toxins
 76055 | Elf:3    | Identified the Compendium of Flying Combat Magic
 76144 | Elf:3    | Learned a level 8 spell: Controlled Blink
 76603 | Vaults:5 | Lost mutation: Your body sometimes deteriorates upon taking
                  | damage. [potion of mutation]
 76603 | Vaults:5 | Lost mutation: You are very frail. (-20% HP) [potion of
                  | mutation]
 76603 | Vaults:5 | Lost mutation: You are frail. (-10% HP) [potion of
                  | mutation]
 76603 | Vaults:5 | Gained mutation: You are robust. (+10% HP) [potion of
                  | mutation]
 76603 | Vaults:5 | Gained mutation: You are partially covered in iridescent
                  | scales. (AC +2) [potion of mutation]
 76603 | Vaults:5 | Gained mutation: You possess an exceptional clarity of
                  | mind. [potion of mutation]
 76939 | Hell     | Entered the Vestibule of Hell
 76939 | Hell     | Noticed Geryon
 76948 | Hell     | Killed Geryon
 76948 | Hell     | Reached XP level 26. HP: 206/206 MP: 28/49
 77313 | Hell     | Found a gateway to the decaying netherworld of Tartarus.
 77481 | Hell     | Found a gateway to the freezing wastes of Cocytus.
 77718 | Hell     | Found a gateway to the Iron City of Dis.
 77744 | Hell     | Found a gateway to the ashen valley of Gehenna.
 78103 | D:12     | You paid a toll of the horn of Geryon to enter a treasure
                  | trove
 78104 | Trove    | Entered a treasure trove
 78107 | Trove    | Got a steaming ivory ring
 78109 | Trove    | Got a pitted turquoise ring
 78111 | Trove    | Got a bound glass ring
 78116 | Trove    | Got a sparkling pewter amulet
 78118 | Trove    | Got a vibrating glass ring
 78134 | Trove    | Identified the ring "Kairun" {MP-9 Str+3 SInv Stlth-} (You
                  | found it in a treasure trove)
 78135 | Trove    | Identified the ring of the Scavenger {rN+ Str+5 Int+5} (You
                  | found it in a treasure trove)
 78136 | Trove    | Identified the ring of Qaiwin {+Fly rN+ Stlth+} (You found
                  | it in a treasure trove)
 78137 | Trove    | Identified the amulet "Nyaluque" {Faith Int+3} (You found
                  | it in a treasure trove)
 78138 | Trove    | Identified the ring of Ved Jatyalum {rPois rF+++ rN+ Str-3
                  | SInv} (You found it in a treasure trove)
 78145 | Trove    | Got a heavily runed copper ring
 78146 | Trove    | Identified the ring "Woyss" {rElec rN+ Str+2 Slay-2} (You
                  | found it in a treasure trove)
 78153 | Trove    | Got a flickering glass ring
 78155 | Trove    | Got a steaming amber ring
 78157 | Trove    | Got a flickering amethyst amulet
 78167 | Trove    | Identified the ring "Uliol" {rN+ Dex+6} (You found it in a
                  | treasure trove)
 78168 | Trove    | Identified the ring of Laguc {MR+ Int+6 SInv} (You found it
                  | in a treasure trove)
 78169 | Trove    | Identified the amulet "Jiprej" {Faith rN+ MR+} (You found
                  | it in a treasure trove)
 78172 | Trove    | Got a warped lead ring
 78173 | Trove    | Identified the ring of Nenwomn {rC+++ rN+ Str+4 Dex-3} (You
                  | found it in a treasure trove)
 78183 | Trove    | Got a slimy silver ring
 78184 | Trove    | Identified the ring of the Robin {rC++ rN+} (You found it
                  | in a treasure trove)
 78608 | Depths:1 | Killed a juggernaut
 78616 | Depths:1 | Demolished by Ketoleh's ghost

Illustrated notes

Levels and vault maps discovered:
D:1:      sevenhm_arrival_forest_fort_small_3, layout_loops_ring
D:2:      layout_basic, overflow_temple_1_default
D:3:      layout_loops_ring, marbit_many_paths, nicolae_overflow_crystal_walls,
          first_ration, minmay_misc_feat_enclosed, uniq_jessica
D:4:      layout_cave_pools, kennysheep_mini_moat, uniq_eustachio
D:5:      layout_loops_ring, vehumet_altar_wand_db, okawaru_trees_2,
          serial_shops, nicolae_shop_waterfront
D:6:      layout_basic, temple_pool_b, serial_shops, shop, shop,
          kennysheep_mini, nicolae_shop_stone, nicolae_shop_crystal,
          minmay_ruined_shrine, uniq_crazy_yiuf_cottage, uniq_menkaure
D:7:      layout_gridville, nicolae_ossuary_entry_giza, serial_shops, shop
D:8:      layout_basic, cheibriados_altar_1, nicolae_gozag_seed_capital,
          makhleb_blood_cavern_becter
D:9:      layout_long_grid, kennysheep_little_box, tgw_sif, david_lair_generic,
          ebering_ghost_disaster_area, serial_shops, shop_statue
D:10:     minmay_smoke_and_mirrors, layout_irregular_city,
          hangedman_pestilent_swarm, hangedman_abyss_or_decor_stagger,
          minmay_shop_chei, uniq_maurice
D:11:     layout_loops_ring
D:12:     layout_loops_ring, zombieorc2_lemuel, nicolae_trove_entry_free_sample
D:13:     layout_basic, enter_bailey_3, uniq_snorg
D:14:     layout_small_grid, david_vaults_4, minmay_stone_trees_medium,
          serial_shops, nicolae_shop_crystal, serial_park_tiny_2,
          minmay_misc_feat_hallway, kennysheep_generic_room_11
D:15:     grunt_enter_depths_magical_seal, layout_irregular_city,
          portal_ice_cave_entry_ice_beasts, fedhas_altar_1
Temple:   kb_corrupted_temple
Lair:1:   layout_concentric_octagons, minmay_lair_oklob_items,
          lemuel_fruit_fields, uniq_harold
Lair:2:   layout_loops_ring, minivault_27
Lair:3:   layout_regular_city, minmay_shoals_entry_centaurs,
          serial_bayou_lagoon_a, minivault_25, serial_bayou_shore_a,
          lemuel_fruit_tree
Lair:4:   layout_loops_ring, spider_nest_entry_a
Lair:5:   layout_misc_corridors, minmay_slime_entry_eyes
Lair:6:   hangedman_lair_tendril_chambers, layout_loops_ring,
          hangedman_lair_caniforms_friends
Shoals:1: layout_shoals, ldierk_geyser
Shoals:2: layout_shoals
Shoals:3: layout_shoals
Shoals:4: shoals_end_grunt_ice, layout_shoals, uniq_roxanne
Spider:1: layout_spider_delve, drop_trap, einodemon_crawler_minivault,
          uniq_azrael, uniq_louise
Spider:2: layout_spider_delve
Spider:3: layout_spider_delve
Spider:4: guppyfry_spider_rune, gammafunk_ghost_abyssal_escape
Orc:1:    layout_diamond_mine, mines1_david
Orc:2:    grunt_orc_tribal_feast, layout_caves, enter_volcano_2, uniq_nessos
Elf:1:    eino_elf_arrival_customs, layout_geoelf_diagonals, minivault_28,
          laboratory
Elf:2:    layout_geoelf_octagon, basic_altar
Elf:3:    grunt_elf_hall_diamonds, layout_geoelf_castle, grunt_ministairs_7,
          serial_sigils_hangedman_quiver
Vaults:1: vaults_dpeg_diagonal, hangedman_vaults_capsules, vaults_room_pool,
          nicolae_vaults_little_ls, nicolae_vaults_network_square,
          vaults_room_pools, nicolae_vaults_little_squares_2, v_misc_18,
          vaults_room_fancy_cross, vaults_room_corners, layout_vaults_omnigrid,
          serial_shops, bzr_entry_dummy
Vaults:2: v_misc_19, vaults_mumra_bighexcomb, v_misc_14, v_misc_19, v_misc_14,
          nicolae_vaults_little_squares_6, nicolae_vaults_little_squares_1,
          ontoclasm_vaults_ring_large, dpeg_vaults_monster_row,
          nicolae_vaults_specimen_jars, vaults_room_corners,
          ontoclasm_vaults_ring_small, v_misc_14, layout_vaults_maze_snakey
Vaults:3: minmay_crypt_entry_skeletal_spiral, ontoclasm_vaults_decontamination,
          v_misc_17, hangedman_vaults_pinch, nicolae_vaults_ring_of_whatevers,
          nicolae_vaults_network_periphery, vaults_room_door_ring,
          ontoclasm_vaults_spin, ontoclasm_vaults_hangar,
          nicolae_vaults_statue_guard, v_misc_24, hangedman_vaults_stream,
          nicolae_vaults_rhombus_6, vaults_room_corners, layout_vaults_omnibox,
          mu_enter_wizlab_6, portal_desolation_entry_nicolae_nacl,
          uniq_saint_roka
Vaults:4: vaults_standard_mumra_enter_the_diamond, hangedman_vaults_maws,
          hangedman_vaults_stitches, hangedman_vaults_hat,
          hangedman_vaults_restitches, nicolae_vaults_triangles, st_check,
          nicolae_vaults_little_squares_5, vaults_dpeg_hooks,
          layout_vaults_omnicross
Vaults:5
Depths:1: minmay_expanding_squares, layout_honeycomb, enter_ziggurat_e,
          gammafunk_ghost_wrathful_warriors, hellmouth_1, serial_shops, shop,
          shop, nicolae_shop_crystal, shop, drop_trap, minmay_curled_crystal,
          minmay_misc_feat_square, minmay_misc_feat_diagonals,
          kennysheep_diamond, kennysheep_another_room, uniq_asterion
Depths:2: grunt_forest_end_winery, layout_cave_pools, hell_entry,
          patterned_corridor, minmay_shop_grove, infiniplex_staircase_pool_1
Depths:3: minmay_the_grid_4x2 [minmay_the_grid_armoury, minmay_the_grid_box_x,
          minmay_the_grid_garden, minmay_the_grid_dragon_a,
          minmay_the_grid_stretched_grid, minmay_the_grid_spin_star,
          minmay_the_grid_outer_circle, minmay_the_grid_prize_shrinking_boxes],
          layout_cave_shapes, rand_demon_pan_entry_4, hell_entry,
          hangedman_decor_lopped, minmay_shoptagon, minmay_staircase_bubble
Depths:4: evilmike_cross, layout_basic, hangedman_tar_grid_catacomb,
          gammafunk_ghost_necromancy, grunt_pan_entry_spiral,
          hangedman_decor_slide_cut, abyss_entry,
          infiniplex_staircase_split_hallway
Depths:5: grunt_zot_entry_bicorn, layout_basic, serial_shops, shop,
          grunt_mini_vestibule, minmay_misc_feat_encased, due_unseen_surprise,
          serial_bayou_shore_b
Hell

Skill      XL: |  1  2  3  4  5  6  7  8  9 10 11 12 13 14 15 16 17 18 19 20 21 22 23 24 25 26 |
---------------+-------------------------------------------------------------------------------+-----
Unarmed Combat | 4 5 6 7 8 9 10 11 12 13 14 15 16 17 18 | 18.6
Transmutations | 3 4 5 6 7 9 10 11 12 13 14 15 16 17 | 17.8
Spellcasting   | 3 4 6 7 8 9 10 11 12 13 14 15 16 17 18 | 18.0
Dodging        | 3 4 5 7 8 9 10 11 12 13 14 15 16 17 18 | 18.3
Fighting       | 3 5 6 7 8 9 10 11 12 13 14 15 16 17 | 17.9
Poison Magic   | 3 5 7 9 10 11 12 13 | 13.5
Shields        | 4 |  4.0
Staves         | 2 |  2.2
Evocations     | 2 5 |  5.9
Translocations | 2 5 7 9 10 12 13 14 15 | 15.8
Earth Magic    | 2 5 |  5.1

Action                   |  1- 3 |  4- 6 |  7- 9 | 10-12 | 13-15 | 16-18 | 19-21 | 22-24 | 25-27 || total
-------------------------+-------+-------+-------+-------+-------+-------+-------+-------+-------++-------
Melee: Unarmed           |    56 |   124 |   347 |   766 |  1185 |   538 |   822 |   889 |   680 ||  5407
       Kick              |    16 |    23 |    81 |    44 |    15 |     3 |       |       |       ||   182
       Constrict         |    12 |    39 |    67 |    69 |    91 |   131 |    90 |    97 |   104 ||   700
       Tentacles         |     6 |    18 |    56 |    73 |   120 |   186 |   174 |   201 |   101 ||   935
       Punch             |     1 |     2 |    14 |    27 |    45 |    96 |   106 |   130 |    67 ||   488
       Staff             |       |       |       |    23 |    73 |   320 |    44 |     5 |     1 ||   466
       Tailslap          |       |       |       |       |       |       |       |       |     8 ||     8
       Bite              |       |       |       |       |       |       |       |       |     4 ||     4
Throw: Boomerang         |       |       |       |       |       |     4 |       |     2 |       ||     6
 Cast: Beastly Appendage |    16 |    24 |    50 |    23 |     5 |     2 |       |       |       ||   120
       Sticks to Snakes  |       |    13 |     6 |       |       |     1 |       |       |       ||    20
       Spider Form       |       |     1 |     2 |    11 |     2 |     4 |       |       |     1 ||    21
       Ice Form          |       |       |     4 |    22 |    63 |    19 |     1 |       |     1 ||   110
       Blade Hands       |       |       |     6 |    34 |    78 |    54 |     4 |       |     1 ||   177
       Eringya's Noxious |       |       |       |       |    12 |     9 |     2 |     4 |       ||    27
       Olgreb's Toxic Ra |       |       |       |       |     2 |   138 |    49 |    20 |     3 ||   212
       Ignite Poison     |       |       |       |       |       |   142 |    30 |    13 |     2 ||   187
       Statue Form       |       |       |       |       |       |    15 |    71 |    76 |    43 ||   205
       Lesser Beckoning  |       |       |       |       |       |       |     6 |     6 |    20 ||    32
       Apportation       |       |       |       |       |       |       |     1 |       |       ||     1
       Blink             |       |       |       |       |       |       |       |     2 |       ||     2
       Hydra Form        |       |       |       |       |       |       |       |       |    13 ||    13
       Dragon Form       |       |       |       |       |       |       |       |       |     5 ||     5
       Dispersal         |       |       |       |       |       |       |       |       |     1 ||     1
       Controlled Blink  |       |       |       |       |       |       |       |       |     1 ||     1
Invok: Lunge             |       |       |    20 |   126 |   138 |    90 |    75 |    70 |    65 ||   584
       Whirlwind         |       |       |    21 |   116 |   303 |   174 |   147 |   265 |   154 ||  1180
       Serpent's Lash    |       |       |       |     6 |    18 |     7 |    11 |     9 |     2 ||    53
       Heavenly Storm    |       |       |       |       |     2 |     3 |     1 |     4 |     2 ||    12
 Abil: Wall Jump         |       |       |       |    21 |    20 |    14 |    17 |    21 |    17 ||   110
       End Transformatio |       |       |       |       |    10 |    14 |       |       |     2 ||    26
       Breathe Fire      |       |       |       |       |       |       |       |       |     1 ||     1
Evoke: Wand              |       |       |     4 |       |     8 |       |     1 |       |       ||    13
  Use: Scroll            |     1 |     3 |    11 |    10 |     8 |    11 |     7 |     1 |    20 ||    72
       Potion            |       |     2 |     1 |     1 |     5 |     3 |       |     2 |     3 ||    17
 Stab: Sleeping          |     5 |     5 |     5 |     7 |     5 |     6 |     7 |     4 |     6 ||    50
       Distracted        |       |       |     1 |     1 |     2 |       |     3 |     2 |       ||     9
       Paralysed         |       |       |       |       |     3 |       |       |       |       ||     3
       Confused          |       |       |       |       |       |       |       |       |     1 ||     1
  Eat: Chunk             |     2 |     8 |    14 |    31 |    40 |    28 |    26 |    25 |     9 ||   183
       Ration            |       |     1 |     3 |     3 |     4 |     8 |     4 |     2 |     3 ||    28
Armor: Skin              |     7 |    14 |    61 |    64 |   167 |   347 |   304 |   272 |   158 ||  1394
Dodge: Dodged            |    36 |    86 |   187 |   550 |   857 |  1249 |   768 |   874 |   461 ||  5068
Block: Buckler           |       |       |       |     8 |    44 |   290 |   347 |   322 |   175 ||  1186
       Reflection        |       |       |       |       |     9 |    21 |    47 |    60 |    29 ||   166
